Map: Ulrena

Players

MorN

  • Race: Terran Terran
  • League: Master

Ramenpho - Winner!

  • Race: Zerg Zerg
  • League: Diamond

VOD

Have the link to the VOD?

Description

Time

  • Played on: Nov. 21, 2015, 8:16 p.m.
  • Length: 8:30
Show
View Real Time Build Order
Export as new Build Order

MorN Terran 

Build Orders: Liberator Opening, Reaper Expand, MMM Bio 

Get SALT Encoding   

  12  0:00  SCV  
  13  0:13  SCV  
  14  0:17  Supply Depot  
  14  0:25  SCV  
  15  0:39  SCV  
  15  0:40  Barracks  
  16  0:44  Refinery  
  16  0:51  SCV  
  17  1:03  SCV  
  18  1:15  SCV  
  19  1:27  Orbital Command  
  19  1:28  Reaper  
  20  1:43  Command Center  
  20  1:52  Supply Depot  
  20  1:53  SCV  
  21  2:00  Reaper  
  22  2:07  SCV  
  23  2:26  SCV  
  24  2:33  Factory  
  24  2:38  SCV  
  24  2:40  Command Center  
  25  2:44  Barracks Reactor  
  25  2:51  SCV  
  26  2:53  Bunker  
  26  2:55  Orbital Command  
  26  3:03  SCV  
  27  3:07  Refinery  
  27  3:15  SCV  
  28  3:21  Starport  
  28  3:29  SCV  
  28  3:30  SCV, Barracks Tech Lab  
  28  3:32  Hellion  
  32  3:41  SCV  
  32  3:42  SCV  
  32  3:47  Liberator  
  32  3:48  Hellion  
  36  3:54  SCV x2, Hellion, Orbital Command  
  40  4:05  Marine  
  40  4:06  SCV x2  
  46  4:16  Stimpack  
  46  4:18  SCV  
  46  4:19  Hellion x2  
  46  4:20  SCV  
  52  4:25  SCV  
  52  4:27  Supply Depot, Marine  
  52  4:30  SCV  
  55  4:32  SCV  
  55  4:37  SCV  
  57  4:42  SCV  
  57  4:45  Barracks, Marine  
  58  4:46  SCV  
  58  4:48  Refinery  
  58  4:49  SCV, Barracks  
  58  4:50  Refinery  
  58  4:52  Factory Reactor  
  61  4:54  SCV, Starport Reactor  
  62  5:03  Marine  
  63  5:08  SCV  
  63  5:11  SCV  
  65  5:18  Engineering Bay  
  65  5:19  Engineering Bay  
  65  5:21  SCV, Marauder  
  68  5:36  Medivac x2  
  68  5:37  Supply Depot x2  
  68  5:38  Supply Depot  
  68  5:41  Factory Reactor  
  72  5:45  Marine x4  
  72  5:46  Marine  
  77  5:55  Terran Infantry Weapons Level 1, Terran Infantry Armor Level 1  
  77  5:58  SCV  
  77  6:00  Supply Depot  
  77  6:01  Barracks  
  77  6:02  Barracks  
  77  6:03  Marine x2  
  80  6:05  SCV  
  80  6:06  Marauder  
  83  6:14  Medivac  
  83  6:15  SCV, Medivac  
  83  6:17  Supply Depot  
  88  6:23  Combat Shields, Marine x3  
  91  6:28  Marauder  
  91  6:29  Supply Depot  
  91  6:31  Marine  
  94  6:35  Orbital Command  
  95  6:47  SCV x2  
  95  6:49  Marine x5  
  95  6:50  Marauder, Medivac x2  
  90  7:11  Marine x3  
  90  7:12  Marauder  
  91  7:20  Medivac  
  88  7:24  Medivac, Marine  
  88  7:26  SCV x2  
  89  7:32  Barracks Reactor, Barracks Tech Lab  
  89  7:33  Armory, Marauder  
  82  7:38  Barracks  
  82  7:39  Barracks x2  
  82  7:41  Widow Mine x2  
  86  7:45  SCV  
  86  7:47  Supply Depot  
  86  7:48  Refinery  
  86  7:49  SCV  
  86  7:50  Marine x4  
  86  7:51  Supply Depot, Marauder  
  94  7:54  Marauder  
  84  8:09  Marine x3  
Show
View Real Time Build Order
Export as new Build Order

Ramenpho Zerg - Winner!

Build Orders: Pool First 

Get SALT Encoding   

  12  0:00  Drone  
  13  0:12  Overlord  
  13  0:20  Drone  
  14  0:30  Drone x2  
  14  0:35  Drone  
  17  0:46  Spawning Pool  
  17  0:49  Drone  
  17  1:10  Hatchery  
  16  1:13  Drone  
  16  1:16  Drone  
  18  1:22  Overlord  
  18  1:28  Drone  
  19  1:35  Queen  
  19  1:39  Zergling x2  
  22  1:49  Zergling x2  
  23  2:04  Drone  
  24  2:11  Hatchery  
  24  2:15  Queen  
  23  2:19  Drone  
  26  2:29  Drone x2  
  28  2:31  Queen  
  30  2:43  Drone x3  
  33  2:48  Overlord  
  33  2:59  Overlord  
  33  3:05  Overlord  
  33  3:07  Queen  
  35  3:15  Drone x3  
  38  3:20  Drone  
  38  3:24  Extractor  
  38  3:25  Extractor  
  38  3:26  Drone  
  38  3:27  Drone  
  39  3:28  Roach Warren  
  39  3:31  Drone  
  39  3:34  Drone x2  
  40  3:37  Drone  
  40  3:38  Drone  
  43  3:53  Evolution Chamber  
  43  3:54  Drone  
  43  3:55  Drone x4, Spine Crawler  
  47  4:02  Drone x3  
  49  4:04  Overlord  
  49  4:15  Drone x2  
  51  4:21  Roach  
  51  4:23  Spore Crawler  
  54  4:24  Roach  
  54  4:28  Drone  
  54  4:29  Drone x2  
  54  4:30  Overlord  
  57  4:34  Lair  
  57  4:44  Roach  
  57  4:45  Roach x2  
  63  4:52  Roach x2  
  67  4:53  Drone x4  
  70  5:05  Drone x6  
  70  5:06  Overlord  
  76  5:18  Drone x3  
  79  5:24  Drone x2, Spore Crawler  
  79  5:26  Zerg Missile Weapons Level 1, Extractor  
  79  5:27  Extractor  
  78  5:33  Glial Reconstitution  
  78  5:37  Overlord x3  
  78  5:38  Drone x3  
  78  5:41  Drone x2  
  83  5:49  Extractor  
  82  5:50  Extractor  
  82  5:53  Overlord x3  
  82  5:56  Roach  
  83  6:03  Roach x2  
  87  6:07  Ravager x2  
  87  6:08  Roach x2  
  93  6:21  Overlord x3  
  93  6:22  Roach  
  93  6:23  Roach x5  
  105  6:27  Drone  
  105  6:32  Overlord  
  106  6:37  Drone x3  
  106  6:38  Drone x2  
  106  6:39  Roach x3  
  117  6:42  Ravager x3  
  117  6:43  Hatchery  
  117  6:44  Ravager  
  120  6:47  Overlord x2  
  118  7:02  Roach  
  118  7:03  Roach x5  
  118  7:07  Roach Warren  
  128  7:13  Zergling x12  
  134  7:20  Drone x2  
  134  7:21  Drone  
  136  7:33  Roach Warren  
  135  7:41  Zergling x2  
  135  7:42  Zergling x20  
  146  7:50  Roach  
  146  7:51  Roach x2  
  152  7:53  Zergling x4  
  152  7:55  Overlord  
  146  8:09  Roach x6  
Tags
 
Add a new tag
Caveats
  • Supply blocks, unpowered buildings, or Contaminate may cause inaccurate times.
  • Supply counts are checked every 10 seconds.